 Dungeon Crawl Stone Soup version 0.29-a0-542-g075992c915 (webtiles) character file.

Game seed: 16829031240142220303

41 zeratav the Shield-Bearer (level 3, -3/35 HPs)
             Began as a Gnoll Fighter on June 3, 2022.
             Killed from afar by an orc wizard (7 damage)
             ... with a puff of flame
             ... on level 2 of the Dungeon.
             The game lasted 00:01:03 (1106 turns).

zeratav the Shield-Bearer (Gnoll Fighter)           Turns: 1106, Time: 00:01:03

Health: -3/35      AC:  7    Str: 17    XL:     3   Next: 52%
Magic:  4/4        EV:  9    Int:  7    God:
Gold:   52         SH:  5    Dex: 11    Spells: 3/3 levels left

rFire   . . .      SeeInvis .   a - +0 war axe {axe}
rCold   . . .      Faith    .   c - +0 buckler
rNeg    . . .      Spirit   .   b - +0 scale mail
rPois   .          Reflect  .   (no helmet)
rElec   .          Harm     .   (no cloak)
rCorr   .          Rampage  .   (no gloves)
Will    .....                   (no boots)
Stlth   ..........              (no amulet)
HPRegen 0.11/turn               (no ring)
MPRegen 0.09/turn               (no ring)

@: no status effects
A: fangs 1, strong nose, distributed training
a: no special abilities


You were on level 2 of the Dungeon.
You visited 1 branch of the dungeon, and saw 2 of its levels.

You collected 52 gold pieces.


Innate Abilities, Weirdness & Mutations

You have very sharp teeth.
Your uncanny sense of smell can sniff out nearby items.
Your experience applies equally to all skills.


   Skills:
 + Level 6.5 Fighting
 + Level 0.8 Short Blades
 + Level 0.8 Long Blades
 + Level 4.5 Axes
 + Level 0.8 Maces & Flails
 + Level 0.8 Polearms
 + Level 0.8 Staves
 + Level 0.8 Slings
 + Level 0.8 Bows
 + Level 0.8 Crossbows
 + Level 0.8 Throwing
 + Level 6.5 Armour
 + Level 0.8 Dodging
 + Level 0.8 Stealth
 + Level 6.5 Shields
 + Level 0.8 Unarmed Combat
 + Level 0.8 Spellcasting
 + Level 0.5 Conjurations
 + Level 0.5 Hexes
 + Level 0.5 Summonings
 + Level 0.5 Necromancy
 + Level 0.5 Translocations
 + Level 0.5 Transmutations
 + Level 0.5 Fire Magic
 + Level 0.5 Ice Magic
 + Level 0.5 Air Magic
 + Level 0.5 Earth Magic
 + Level 0.5 Poison Magic
 + Level 1.0 Invocations
 + Level 0.8 Evocations


You had 3 spell levels left.
You didn't know any spells.
Your spell library was empty.

Inventory:

Hand Weapons
 a - a +0 war axe (weapon) {axe}
Armour
 b - a +0 scale mail (worn)
 c - a +0 buckler (worn)
 g - a +0 scale mail
   (You found it on level 1 of the Dungeon)
 i - a +0 helmet
   (You found it on level 1 of the Dungeon)
 j - a +0 robe
   (You found it on level 1 of the Dungeon)
 l - a +0 ring mail
   (You found it on level 1 of the Dungeon)
 m - a +0 leather armour
   (You found it on level 2 of the Dungeon)
Scrolls
 h - a scroll of enchant weapon {unknown}
 k - a scroll of noise {unknown}
Potions
 d - 3 potions of might
 e - 3 potions of flight {unknown}
 f - a potion of haste {unknown}
 n - a potion of attraction {unknown}

Dungeon Overview and Level Annotations

Branches:
Dungeon (2/15)

Altars:

..............
#.............
.###............
..............#####
.............)....##
...................#
...[#..............#
#....{@........#
#...))#?.......#
#....)##........###
#.......#..........##
#.........<.........##
....##...............#
...# #.#.............#
... #.##...##.......#
.. ....(..........##


There were no monsters in sight!


Message History

You barely miss the jackal. You miss something. You block the jackal's attack.
Something hits you. The jackal barely misses you.
You slash the jackal!
You kill the jackal!
You closely miss something. You closely miss the orc. You barely miss the orc.
You block the orc's attack. The orc hits you but does no damage.
Something hits you but does no damage.
You barely miss the orc. Your bite misses the orc.
You completely miss something. You slash the orc!
You kill the orc!
You block the orc's attack. Something hits you.
The orc hits you with a +0 mace. Something hits you.
You are too injured to fight recklessly!
HP[-9]
You take 9 damage, and now have 26/35 hp.
MASSIVE DAMAGE!! (PAUSE)
You are too injured to fight recklessly!
You are too injured to fight recklessly!
You are too injured to fight recklessly!
You are too injured to fight recklessly!
You are too injured to fight recklessly!
You are too injured to fight recklessly!
You are too injured to fight recklessly!
You are too injured to fight recklessly!
You are too injured to fight recklessly!
You are too injured to fight recklessly!
You are too injured to fight recklessly!
You are too injured to fight recklessly!
You are too injured to fight recklessly!
You are too injured to fight recklessly!
You are too injured to fight recklessly!
You are too injured to fight recklessly!
You are too injured to fight recklessly!
You are too injured to fight recklessly!
You closely miss the orc. You slash the goblin!
You kill the goblin!
You hit the orc but do no damage. You hit something but do no damage.
The orc barely misses you. Something hits you but does no damage.
You block the orc's attack.
You slash the orc!
You kill the orc!
You hit the orc. You closely miss something. The orc barely misses you.
Something hits you but does no damage.
You hit the orc.
You kill the orc!
You miss something.
You hear some strange, mumbled words.
A magic dart appears from out of thin air!
The magic dart hits you.
Your Invocations skill increases to level 1!
HP[-4]
You take 4 damage, and now have 22/35 hp.
You see here a +0 flail {mace}.
You miss something.
You hear some strange, mumbled words.
Something tries to affect you, but you resist.
Something hits you but does no damage.
You closely miss something. Something hits you.
HP[-1]
You take 1 damage, and now have 21/35 hp.
You barely miss something.
An orc comes into view. It is wielding a +0 hand axe.
You block something's attack.
HP[+1]
You closely miss something.
The orc shouts!
You hear some strange, mumbled words.
A puff of flame appears from out of thin air!
The puff of flame hits you. Something hits you but does no damage.
HP[-3] MP[+1]
You take 3 damage, and now have 19/35 hp.
Your mp is fully restored (4).
You closely miss something. Your bite misses something. Something hits you.
HP[-1]
You take 1 damage, and now have 18/35 hp.
You closely miss something. Your bite misses something.
Something hits you but does no damage.
You completely miss something.
You hear some strange, mumbled words.
A puff of flame appears from out of thin air!
The puff of flame hits you!
* * * LOW HITPOINT WARNING * * *
Something hits you.
* * * LOW HITPOINT WARNING * * *
HP[-12]
You take 12 damage, and now have 6/35 hp.
MASSIVE DAMAGE!! (PAUSE)
You barely miss something. You barely miss the orc. The orc closely misses you.
You hear some strange, mumbled words.
Something tries to affect you, but you resist.
You barely miss something. You slash the orc!
You kill the orc!
Something hits you.
* * * LOW HITPOINT WARNING * * *
HP[-3]
You take 3 damage, and now have 3/35 hp.
You barely miss something. Something hits you but does no damage.
You hear some strange, mumbled words.
A puff of flame appears from out of thin air!
The puff of flame hits you!
You die...

Skill      XL: |  1  2  3 |
---------------+----------+-----
Invocations    | 1 |  1.0
Fighting       | |  6.5
Short Blades   | |  0.8
Long Blades    | |  0.8
Axes           | |  4.5
Maces & Flails | |  0.8
Polearms       | |  0.8
Staves         | |  0.8
Slings         | |  0.8
Bows           | |  0.8
Crossbows      | |  0.8
Throwing       | |  0.8
Armour         | |  6.5
Dodging        | |  0.8
Stealth        | |  0.8
Shields        | |  6.5
Unarmed Combat | |  0.8
Spellcasting   | |  0.8
Conjurations   | |  0.5
Hexes          | |  0.5
Summonings     | |  0.5
Necromancy     | |  0.5
Translocations | |  0.5
Transmutations | |  0.5
Fire Magic     | |  0.5
Ice Magic      | |  0.5
Air Magic      | |  0.5
Earth Magic    | |  0.5
Poison Magic   | |  0.5
Evocations     | |  0.8

Action                   || total
-------------------------++-------
Melee: War axe           ||    69
       Bite              ||     2
Armor: Scale mail        ||    38
Dodge: Dodged            ||    35
Block: Buckler           ||    18

Levels and vault maps discovered:
D:1:      psy_arrival_basics, layout_loops_corners,
          shapermc_ecumenical_altar_flowoftime, minivault_25
D:2:      layout_rooms, basic_altar

Notes
Turn   | Place    | Note
-------+----------+-------------------------------------------
     0 | D:1      | zeratav the Gnoll Fighter began the quest for the Orb.
     0 | D:1      | Reached XP level 1. HP: 23/23 MP: 1/1
     0 | D:1      | magus.rc [v1.9.6]
    62 | D:1      | Found a faded altar of an unknown god.
   160 | D:1      | Reached XP level 2. HP: 29/29 MP: 2/2
  1081 | D:2      | Reached XP level 3. HP: 35/35 MP: 3/3
  1096 | D:2      | Reached skill level 1 in Invocations
  1103 | D:2      | HP: 6/35 [something (3)]
  1106 | D:2      | Killed from afar by an orc wizard

Vanquished Creatures
  4 orcs (D:2)
  4 ball pythons (D:1)
  An endoplasm (D:1)
  2 giant cockroaches (D:2)
  4 goblins
  6 hobgoblins
  4 jackals (D:2)
  A quokka (D:1)
  A bat (D:1)
  A frilled lizard (D:1)
  2 rats (D:1)
30 creatures vanquished.

Table legend:
 A = Non-vault XP
 B = Vault XP
 C = Vault XP percentage of total XP
 D = Non-vault monster count
 E = Vault monster count
 F = Vault count percentage of total count
                 A         B        C        D         E       F
            +---------+---------+-------+---------+---------+-------
      Total |      59 |       0 |   0.0 |      30 |       0 |   0.0
            +---------+---------+-------+---------+---------+-------
        D:1 |      29 |       0 |   0.0 |      17 |       0 |   0.0
        D:2 |      30 |       0 |   0.0 |      13 |       0 |   0.0
            +---------+---------+-------+---------+---------+-------

Illustrated notes

Table legend:
 A = Kills in this place as a percentage of kills in entire the game.
 B = Kills by you in this place as a percentage of kills by you in the entire game.
 C = Kills by friends in this place as a percentage of kills by friends in the entire game.
 D = Other kills in this place as a percentage of other kills in the entire game.
 E = Experience gained in this place as a percentage of experience gained in the entire game.
 F = Experience gained in this place divided by the number of levels of this place that you have seen.
                   A       B       C       D       E      F
               +-------+-------+-------+-------+-------+----------------------
         Total | 100.0 | 100.0 |   N/A |   N/A | 100.0 |  29.5
       Dungeon | 100.0 | 100.0 |   N/A |   N/A | 100.0 |  29.5
               +-------+-------+-------+-------+-------+----------------------

Table legend: (Time is in decaauts)
 A = Elapsed time spent in this place.
 B = Non-inter-level travel time spent in this place.
 C = Inter-level travel time spent in this place.
 D = Time resting spent in this place.
 E = Time spent auto-exploring this place.
 F = Levels seen in this place.
 G = Mean time per level.
                   A        B        C        D        E       F      G
               +--------+--------+--------+--------+--------+-----+--------+
         Total |   1127 |   1080 |     47 |      0 |    917 |   2 |  563.5 |
       Dungeon |   1127 |   1080 |     47 |      0 |    917 |   2 |  563.5 |
               +--------+--------+--------+--------+--------+-----+--------+

Top non-repeatable levels by time:
     D:1: 1058 daAuts
     D:2: 68 daAuts
